 Dungeon Crawl Stone Soup version 0.18-a0-60-g15541d7 (webtiles) character file.

1602 mrstan the Carver (level 8, -3/65 HPs)
             Began as a Demonspawn Gladiator on Nov 8, 2015.
             Was a Follower of Qazlal.
             Slain by valsik64's ghost (16 damage)
             ... on level 6 of the Dungeon.
             The game lasted 00:24:41 (4605 turns).

mrstan the Carver (Demonspawn Gladiator)            Turns: 4605, Time: 00:24:42

Health: -3/65      AC: 10    Str: 16    XL:     8   Next: 62%
Magic:  8/8        EV: 10    Int:  9    God:    Qazlal [*.....]
Gold:   170        SH: 11    Dex: 16    Spells: 0 memorised, 7 levels left

rFire  . . .     SeeInvis .     r - +0 long sword
rCold  . . .     Clarity  .     b - +0 leather armour
rNeg   . . .     SustAt   .     l - +0 shield
rPois  .         Gourm    .     c - +0 helmet
rElec  .         Spirit   .     i - +1 cloak
rCorr  .         Warding  .     g - +2 pair of gloves
rMut   .         Stasis   .     (no boots)
MR     .....                    (no amulet)
Stlth  +.........               n - ring of ice
                                p - ring of fire

@: not resistant to hostile enchantments, very unstealthy
A: hooves 2, icy blue scales 1, spiny 1
a: Renounce Religion


You were on level 6 of the Dungeon.
You worshipped Qazlal.
Qazlal was aware of your devotion.
You were not hungry.

You visited 1 branch of the dungeon, and saw 6 of its levels.

You collected 170 gold pieces.

Inventory:

Hand Weapons
 a - a +0 long sword
 r - a +0 long sword (weapon)
Missiles
 d - 3 throwing nets (quivered)
Armour
 b - a +0 leather armour (worn)
 c - a +0 helmet (worn)
 g - a +2 pair of gloves (worn)
 i - a +1 cloak (worn)
 l - a +0 shield (worn)
Jewellery
 n - a ring of ice (right hand)
 p - a ring of fire (left hand)
Wands
 j - a wand of slowing (19)
 k - a wand of fireball (0)
Scrolls
 f - 2 scrolls of remove curse
 m - a scroll of enchant armour
 o - a scroll of teleportation
Comestibles
 e - 2 bread rations
 h - a meat ration
 q - a chunk of flesh


   Skills:
 + Level 6.4 Fighting
 + Level 8.3 Long Blades
 - Level 1.7 Throwing
 - Level 2.6 Dodging
 - Level 2.4 Shields


You had 7 spell levels left.
You didn't know any spells.

Dungeon Overview and Level Annotations

Branches:
Dungeon (6/15)
 Temple: D:4-7

Altars:
Dithmenos
Nemelex Xobeh
Qazlal
Trog
Vehumet
The Shining One

Annotations:
D:6 valsik64's ghost, novice NaAK


Innate Abilities, Weirdness & Mutations

You have hoof-like feet.
You are partially covered in icy blue scales (AC +1).
You are partially covered in sharp spines.


Message History

Valsik64's ghost hits you!
You hit valsik64's ghost.
Valsik64's ghost is moderately damaged.
You block valsik64's ghost's attack.
You hit valsik64's ghost. You kick valsik64's ghost.
Valsik64's ghost is heavily damaged.
Valsik64's ghost hits you!
You slash valsik64's ghost!
Valsik64's ghost is heavily damaged.
Valsik64's ghost is struck by your spines.
Valsik64's ghost hits you.
You hit valsik64's ghost.
Valsik64's ghost is severely damaged.
Valsik64's ghost hits you!
* * * LOW HITPOINT WARNING * * *
You hit valsik64's ghost but do no damage.
You kick valsik64's ghost, but do no damage.
Valsik64's ghost is severely damaged.
Valsik64's ghost hits you!
You die...

#...[..#
#.##.#.#
#.##.#.#
#.##.#.#
#.##.#.#
#....#.#
######.#
#.# #@#
#W# ...
####. .#
#


You could see valsik64's ghost.

Vanquished Creatures
  The ghost of guttergrimer the Spear-Bearer, a novice MiFi (D:5)
  Grinder (D:5)
  Menkaure (D:4)
  Duvessa (D:4)
  An ogre (D:4)
  The ghost of guttergrimer the Poker, an amateur MiFi (D:3)
  Dowan (D:4)
  A water moccasin skeleton (D:6)
  2 scorpions
  3 crimson imps (D:5)
  3 hounds
  Crazy Yiuf (D:4)
  Ijyb (D:2)
  A jelly (D:5)
  A worker ant (D:4)
  Jessica (D:2)
  An adder (D:5)
  4 gnolls (D:2)
  A worker ant zombie (D:5)
  2 oozes
  2 adder skeletons (D:5)
  2 adder zombies (D:5)
  3 worms
  2 giant geckos
  An orc (D:5)
  11 bats
  13 goblins
  7 hobgoblins
  8 jackals
  5 quokkas
  6 giant cockroaches
  4 giant newts
  11 kobolds
  3 rats (D:1)
107 creatures vanquished.

Vanquished Creatures (others)
  A wizard (D:3)
  A kobold (D:2)
2 creatures vanquished.

Grand Total: 109 creatures vanquished

Notes
Turn   | Place    | Note
--------------------------------------------------------------
     0 | D:1      | mrstan the Demonspawn Gladiator began the quest for the Orb.
     0 | D:1      | Reached XP level 1. HP: 16/16 MP: 1/1
   362 | D:1      | Reached skill level 3 in Long Blades
   441 | D:1      | Gained mutation: You are partially covered in icy blue scales (AC +1). [demonic ancestry]
   441 | D:1      | Reached XP level 2. HP: 20/23 MP: 2/2
  1011 | D:1      | Gained mutation: You are partially covered in sharp spines. [demonic ancestry]
  1011 | D:1      | Reached XP level 3. HP: 25/28 MP: 3/3
  1113 | D:2      | Noticed Jessica
  1117 | D:2      | Killed Jessica
  1118 | D:2      | Reached skill level 4 in Long Blades
  1159 | D:2      | Reached XP level 4. HP: 24/34 MP: 4/4
  1345 | D:2      | Found a shadowy altar of Dithmenos.
  1500 | D:2      | Found a stormy altar of Qazlal.
  1579 | D:2      | Noticed Ijyb
  1590 | D:2      | Killed Ijyb
  1590 | D:2      | Gained mutation: You have large cloven feet. [demonic ancestry]
  1590 | D:2      | Reached XP level 5. HP: 38/41 MP: 5/5
  1713 | D:2      | Became a worshipper of Qazlal Stormbringer
  1771 | D:2      | Found a radiant altar of Vehumet.
  1958 | D:3      | Found a bloodstained altar of Trog.
  1960 | D:3      | Noticed a wizard
  1965 | D:3      | Killed a wizard
  2061 | D:3      | Found a sparkling altar of Nemelex Xobeh.
  2146 | D:3      | Found a bloodstained altar of Trog.
  2168 | D:3      | Noticed guttergrimer's ghost (amateur MiFi)
  2175 | D:3      | Killed guttergrimer's ghost
  2175 | D:3      | Reached skill level 5 in Long Blades
  2503 | D:4      | Reached XP level 6. HP: 44/48 MP: 6/6
  2614 | D:4      | Noticed Menkaure
  2626 | D:4      | Killed Menkaure
  2626 | D:4      | Reached skill level 6 in Long Blades
  3065 | D:4      | Found a glowing golden altar of the Shining One.
  3129 | D:4      | Reached XP level 7. HP: 21/55 MP: 7/7
  3410 | D:4      | Noticed Duvessa
  3413 | D:4      | Noticed Dowan
  3421 | D:4      | Killed Duvessa
  3421 | D:4      | Reached skill level 5 in Fighting
  3429 | D:4      | Killed Dowan
  3429 | D:4      | Reached skill level 1 in Shields
  3749 | D:4      | Noticed Crazy Yiuf
  3756 | D:4      | Killed Crazy Yiuf
  3756 | D:4      | Reached * piety under Qazlal
  3871 | D:5      | Entered Level 5 of the Dungeon
  3998 | D:5      | Noticed guttergrimer's ghost (novice MiFi)
  4017 | D:5      | Killed guttergrimer's ghost
  4017 | D:5      | Reached skill level 7 in Long Blades
  4017 | D:5      | Gained mutation: You have hoof-like feet. [demonic ancestry]
  4017 | D:5      | Reached XP level 8. HP: 22/64 MP: 8/8
  4061 | D:5      | Noticed Grinder
  4271 | D:5      | Paralysed by Grinder for 5 turns
  4285 | D:5      | Killed Grinder
  4285 | D:5      | Reached skill level 8 in Long Blades
  4590 | D:6      | Noticed valsik64's ghost (novice NaAK)
  4605 | D:6      | Slain by valsik64's ghost

Vault maps used:
D:1:      dpeg_arrival_round_a
D:2:      fiery_altar_vehumet, nicolae_qazlal_eye_of_the_storm,
          nicolae_dithmenos_through_a_glass_darkly, uniq_iyjb, uniq_jessica
D:3:      old_standard_altar, old_standard_altar, trog_wizard
D:4:      tso_oasis_becter, kennysheep_generic_room_6, uniq_menkaure,
          uniq_duvessa, uniq_crazy_yiuf_cottage
D:5:      first_bread, uniq_grinder

Action                   |  1- 3 |  4- 6 |  7- 9 || total
-------------------------+-------+-------+-------++-------
Melee: Long sword        |    83 |    75 |   130 ||   288
Evoke: Wand              |       |     2 |     3 ||     5
  Use: Scroll            |     2 |     7 |     3 ||    12
       Potion            |     1 |     1 |     4 ||     6
 Stab: Sleeping          |     1 |       |       ||     1
  Eat: Chunk             |     1 |     5 |     1 ||     7
       Meat ration       |       |       |     1 ||     1
